 Dungeon Crawl Stone Soup version 0.26.1-2-gb8aa6d0cf2 (webtiles) character file.

Game seed: 6743812357919257653

924 H0rd4k the Cutter (level 8, 0/58 HPs)
             Began as a Human Artificer on Mar 9, 2021.
             Engulfed by a steam dragon's steam (7 damage)
             ... on level 5 of the Dungeon.
             The game lasted 00:05:51 (7288 turns).

H0rd4k the Cutter (Human Artificer)                 Turns: 7288, Time: 00:05:52

Health: 0/58       AC:  5    Str: 13    XL:     8   Next: 32%
Magic:  0/8        EV: 17    Int: 13    God:
Gold:   264        SH:  0    Dex: 14    Spells: 7/7 levels left

rFire    . . .     SeeInvis .   m - +0 short sword (freeze)
rCold    . . .     Faith    .   (no shield)
rNeg     . . .     Spirit   +   b - +0 leather armour
rPois    .         Reflect  .   v - +1 helmet
rElec    .         Harm     .   (no cloak)
rCorr    .         Rampage  .   (no gloves)
Will     +....                  (no boots)
Stlth    ++........             s - amulet of guardian spirit
HPRegen  0.19/turn              r - ring of willpower
MPRegen  0.11/turn              B - +4 ring of evasion

@: no status effects
A: no striking features
a: no special abilities


You were on level 5 of the Dungeon.
You visited 1 branch of the dungeon, and saw 5 of its levels.

You collected 264 gold pieces.

Inventory:

Hand Weapons
 a - a +0 club
 j - a +0 short sword
 m - a +0 short sword of freezing (weapon)
Missiles
 i - 115 arrows
Armour
 b - a +0 leather armour (worn)
 v - a +1 helmet (worn)
 C - the +2 robe "Pohoz" {+Inv Dex+3, unknown}
   (You found it on level 4 of the Dungeon)

   It affects your dexterity (+3).
   It lets you turn invisible.
Jewellery
 q - an uncursed ring of flight
 r - a ring of willpower (left hand)
 s - an amulet of guardian spirit (around neck)
 y - an uncursed ring of magical power
 B - a +4 ring of evasion (right hand)
 F - an uncursed amulet of reflection {unknown}
Wands
 c - a wand of flame (28) (quivered)
 d - a wand of enslavement (7)
 e - a wand of random effects (15)
Scrolls
 f - 2 scrolls of amnesia {unknown}
 g - 5 scrolls of identify {unknown}
 h - 4 scrolls of teleportation {unknown}
 k - 2 scrolls of fear {unknown}
 p - 4 scrolls of magic mapping {unknown}
 z - a scroll of remove curse {unknown}
 D - a scroll of enchant armour {unknown}
 E - a scroll of immolation {unknown}
Potions
 l - a potion of cancellation {unknown}
 n - 2 potions of curing
 o - a potion of haste {unknown}
 t - a potion of brilliance {unknown}
 u - 2 potions of resistance {unknown}
 w - a potion of flight {unknown}
 x - a potion of degeneration {unknown}
 A - a potion of attraction {unknown}


   Skills:
 + Level 3.2 Fighting
 + Level 5.9 Short Blades
 + Level 3.5 Armour
 + Level 3.0 Dodging
 + Level 3.1 Stealth
 + Level 3.9 Evocations


You had 7 spell levels left.
You didn't know any spells.
Your spell library was empty.

Dungeon Overview and Level Annotations

Branches:
Dungeon (5/15)
 Temple: D:4-7

Altars:
Dithmenos
Nemelex Xobeh


Message History

The steam dragon is heavily wounded.
The steam dragon closely misses you. The steam dragon claws you.
You hit the steam dragon. You freeze the steam dragon.
The steam dragon is severely wounded.
You are engulfed in a cloud of scalding steam.
The fungus is engulfed in a cloud of scalding steam.
The fungus begins to die.
The steam dragon bites you! The steam dragon closely misses you.
You hit the steam dragon but do no damage.
The steam dragon is severely wounded.
The steam dragon closely misses you. The steam dragon barely misses you.
You barely miss the steam dragon.
The steam dragon is severely wounded.
The steam dragon breathes steam at you. The ball of steam hits you!
* * * LOW HITPOINT WARNING * * *
You hit the steam dragon. You freeze the steam dragon.
The steam dragon is severely wounded.
You are engulfed in a cloud of scalding steam.
You die...

.###.# #..#.# ..##.## ##....#
......####...###
#..........###≈≈### #
##.........#≈..≈.P####### #
.....#...###^...PP≈P..≈P# ≈
....##....#P............. .
.....#....#.....P≈≈P.PP≈P .
..........#^≈..D@§#### ≈
..........##≈P≈..#...# ## #
.......#.####P≈P##...# ..
.........####### ##..### .## .
...............# ##....### ..###.
.......#.......# #.......###.##..
.......###......#..###.........#.
........# ##......# ###.......##.
.........# ...... ...........##.


You could see a steam dragon (catching breath).

Vanquished Creatures
  3 centaurs
  An ogre (D:4)
  A scorpion (D:5)
  A hound (D:5)
  2 orc wizards
  An orc priest (D:5)
  Natasha (thrice) (D:4)
  4 worker ants
  A worker ant zombie (D:5)
  4 adders
  3 oozes
  A worm (D:3)
  An adder skeleton (D:4)
  5 dart slugs
  6 leopard geckos
  7 orcs
  4 giant cockroaches
  10 goblins
  4 hobgoblins
  9 jackals
  2 ball pythons (D:2)
  7 bats
  10 frilled lizards
  A giant cockroach zombie (D:5)
  5 kobolds
  A quokka zombie (D:5)
  7 rats
104 creatures vanquished.

Vanquished Creatures (collateral kills)
  Sigmund (D:4)
  A kobold (D:1)
  3 rats (D:1)
5 creatures vanquished.

Vanquished Creatures (others)
  A dart slug (D:4)
1 creature vanquished.

Grand Total: 110 creatures vanquished

Notes
Turn   | Place    | Note
-------+----------+-------------------------------------------
     0 | D:1      | H0rd4k the Human Artificer began the quest for the Orb.
     0 | D:1      | Reached XP level 1. HP: 15/15 MP: 1/1
   206 | D:1      | Reached XP level 2. HP: 2/21 MP: 2/2
   207 | D:1      | HP: 1/21 [frilled lizard (1)]
   853 | D:1      | Reached XP level 3. HP: 26/26 MP: 3/3
  1173 | D:1      | Reached skill level 1 in Short Blades
  1415 | D:1      | HP: 1/26 [hobgoblin (3)]
  2091 | D:2      | Reached XP level 4. HP: 17/32 MP: 4/4
  3255 | D:2      | Reached skill level 2 in Short Blades
  3749 | D:3      | Reached XP level 5. HP: 32/38 MP: 3/5
  3977 | D:3      | Found a sparkling altar of Nemelex Xobeh.
  4918 | D:4      | Noticed Natasha
  4932 | D:4      | Killed Natasha
  4933 | D:4      | Reached skill level 3 in Short Blades
  4942 | D:4      | Noticed an ogre
  5234 | D:4      | Noticed Natasha
  5265 | D:4      | Found a shadowy altar of Dithmenos.
  5267 | D:4      | Noticed Sigmund
  5269 | D:4      | Noticed a centaur
  5276 | D:4      | Killed Natasha
  5277 | D:4      | Reached XP level 6. HP: 23/44 MP: 3/6
  5297 | D:4      | Killed Sigmund
  5327 | D:4      | Killed a centaur
  5328 | D:4      | Reached skill level 4 in Short Blades
  5328 | D:4      | Reached XP level 7. HP: 4/51 MP: 2/7
  5696 | D:4      | Got a thick robe
  5711 | D:4      | Noticed Natasha
  5736 | D:4      | Killed Natasha
  6193 | D:5      | Entered Level 5 of the Dungeon
  6236 | D:5      | Reached skill level 5 in Short Blades
  6668 | D:5      | Reached XP level 8. HP: 47/58 MP: 6/8
  7288 | D:5      | Engulfed by a steam dragon's steam

Illustrated notes

Levels and vault maps discovered:
D:1:      dpeg_arrival_solitude, layout_rooms, fountainhead
D:2:      layout_loops_ring, kennysheep_crisscross,
          minmay_randomly_rotated_circles
D:3:      layout_rooms, nemelex_altar_shiori, hangedman_decor_diamond_cutter
D:4:      layout_loops_ring, old_standard_altar, uniq_sigmund, uniq_natasha
D:5:      kennysheep_steamy, layout_layer_cave, cheibrodos_worm_habitat

Skill      XL: |  1  2  3  4  5  6  7  8 |
---------------+-------------------------+-----
Short Blades   | 1 2 3 4 5 |  5.9
Fighting       | 2 3 |  3.2
Dodging        | 2 3 |  3.0
Armour         | 3 |  3.5
Stealth        | 2 3 |  3.1
Evocations     | |  3.9

Action                   |  1- 3 |  4- 6 |  7- 9 || total
-------------------------+-------+-------+-------++-------
Melee: Club              |    23 |       |       ||    23
       Short sword       |   120 |   195 |   188 ||   503
Evoke: Wand              |     2 |     7 |       ||     9
 Stab: Sleeping          |     3 |     4 |     6 ||    13
Armor: Leather armour    |    47 |    68 |    23 ||   138
Dodge: Dodged            |    90 |   136 |   105 ||   331
